 Dungeon Crawl Stone Soup version 0.31-a0-187-gba352fbbf7 (webtiles) character file.

Game seed: 1647801319668364752

123 qw the Skirmisher (level 4, -1/25 HPs)
             Began as a Deep Elf Hunter on June 22, 2023.
             Slain by Edmund
             ... wielding a +1 antimagic dire flail
              (10 damage)
             ... on level 4 of the Dungeon.
             The game lasted 00:00:24 (1062 turns).

qw the Skirmisher (Deep Elf Hunter)                 Turns: 1062, Time: 00:00:24

Health: -1/25      AC:  6    Str: 10    XL:     4   Next: 79%
Magic:  0/6        EV: 11    Int: 14    God:
Gold:   58         SH:  0    Dex: 18    Spells: 3/3 levels left

rFire   . . .        Y - +0 shortbow (flame)
rCold   . . .        (shield currently unavailable)
rNeg    . . .        i - +0 ring mail
rPois   .            (no helmet)
rElec   .            (no cloak)
rCorr   .            (no gloves)
SInv    .            f - +0 pair of boots
Will    .....        (no amulet)
Stlth   +            (no ring)
HPRegen 0.24/turn    (no ring)
MPRegen 0.10/turn

%: no passive effects
@: no status effects
A: no striking features
a: no special abilities


You were on level 4 of the Dungeon.
You visited 1 branch of the dungeon, and saw 3 of its levels.

You collected 58 gold pieces.


   Skills:
 - Level 1.5 Fighting
 + Level 8.2 Ranged Weapons
 - Level 2.4 Dodging
 - Level 1.2 Stealth


You had 3 spell levels left.
You didn't know any spells.
Your spell library was empty.

Inventory:

Hand Weapons
 Y - a +0 shortbow of flaming (weapon)
Armour
 f - a +0 pair of boots (worn)
 i - a +0 ring mail (worn)
Potions
 d - a potion of curing {unknown}
 l - a potion of magic {unknown}

Dungeon Overview and Level Annotations

Branches:
Dungeon (4/15)
 Temple: D:4-7

Altars:

Annotations:
D:4 Edmund


Message History

A goblin and Edmund come into view.
Edmund is wielding a +1 antimagic dire flail.
Things that are here:
a dart slug corpse; an adder corpse You shoot an arrow.
The arrow hits Edmund.
The arrow burns Edmund.
Edmund shouts!
Edmund is lightly wounded.
You hear a shout!
The goblin unwields a +0 club.
The goblin wields a +0 sling.
The goblin shoots a sling bullet.
The sling bullet barely misses you.
You shoot an arrow.
The arrow hits Edmund but does no damage.
Edmund is lightly wounded.
An orc comes into view. It is wielding a +0 mace.
The goblin shoots a sling bullet.
The sling bullet barely misses you.
You shoot an arrow.
The arrow hits Edmund but does no damage.
Edmund is lightly wounded.
The goblin shoots a sling bullet.
The sling bullet hits you.
You shoot an arrow. The arrow hits Edmund!
The arrow burns Edmund.
Edmund is moderately wounded.
An ufetubus comes into view.
You shoot an arrow. The arrow completely misses Edmund.
The ufetubus shouts!
Edmund barely misses you.
Edmund hits you with a +1 antimagic dire flail!
You feel your power leaking away.
You shoot an arrow. The arrow hits Edmund.
The arrow burns Edmund.
Edmund is heavily wounded.
Edmund barely misses you.
You shoot an arrow. The arrow hits Edmund.
The arrow burns Edmund.
Edmund is heavily wounded.
Edmund hits you with a +1 antimagic dire flail!
You feel your power leaking away.
You shoot an arrow.
The arrow hits Edmund but does no damage.
Edmund is heavily wounded.
The ufetubus misses you. x2; The orc closely misses you.
Edmund hits you with a +1 antimagic dire flail!
You die...

##.....##.#
.##.......#.#
............ #
<..........##.#
.............
######
...........#
#.....
......5o@g.#
#.####
.......@####
#.#..#
#######....#
#.#.)#
##########.#
#.#...
#........#.#
#.#.##
#.######.#.#
####.#.#
#......#.#.#
#....#.#
########.#.#
#.####.#
#.#.#####.#....#
#.#...>...#.####


You could see Edmund, an orc, an ufetubus and a goblin.

Vanquished Creatures
  A centaur (D:4)
  An adder (D:4)
  2 dart slugs
  An orc (D:4)
  An endoplasm (D:1)
  A giant cockroach (D:1)
  A goblin (D:1)
  2 quokkas (D:1)
  9 ball pythons (D:1)
  A bat (D:1)
  2 frilled lizards (D:1)
  5 kobolds
  5 rats (D:1)
32 creatures vanquished.

Notes
Turn   | Place    | Note
-------+----------+-------------------------------------------
     0 | D:1      | qw the Deep Elf Hunter began the quest for the Orb.
     0 | D:1      | Reached XP level 1. HP: 12/12 MP: 3/3
     0 | D:1      | 0 ||| qw: Version: 0.3-a-9-g12657ce
     0 | D:1      | 0 ||| qw: Game counter: 1995
     0 | D:1      | 0 ||| qw: Always use a shield: true
     0 | D:1      | 0 ||| qw: God list: Okawaru
     0 | D:1      | 0 ||| qw: Allow faded altars: false
     0 | D:1      | 0 ||| qw: Do Orc after D:15 true
     0 | D:1      | 0 ||| qw: Do second Lair branch before Depths: true
     0 | D:1      | 0 ||| qw: Lair rune preference: random
     0 | D:1      | 0 ||| qw: Plans: Normal
     0 | D:1      | 0 ||| PLANNING D:1-11
   142 | D:1      | Reached XP level 2. HP: 16/16 MP: 4/4
   143 | D:1      | Reached skill level 6 in Ranged Weapons
   667 | D:1      | 667 ||| UPGRADING to +0 pair of boots.
   672 | D:1      | 672 ||| UPGRADING to +0 ring mail.
   682 | D:1      | 682 ||| DROPPING +0 leather armour.
   683 | D:1      | 683 ||| READING scroll labelled DEFAV IRORUUTTA.
   684 | D:1      | 684 ||| READING scroll labelled ALOFUODUCU.
   785 | D:1      | 785 ||| READING scroll labelled XAUMOCH CAHE.
   786 | D:1      | 786 ||| READING scroll labelled LEWO SIX LUGEFF.
   787 | D:1      | 787 ||| READING scroll labelled UDEMITHRIAN.
   788 | D:1      | 788 ||| DROPPING scroll of butterflies.
   824 | D:2      | You fall into a shaft and drop 2 floors!
   829 | D:4      | Noticed a centaur
   838 | D:4      | Killed a centaur
   839 | D:4      | Reached skill level 8 in Ranged Weapons
   839 | D:4      | Reached XP level 3. HP: 8/20 MP: 5/5
   839 | D:4      | Reached XP level 4. HP: 11/25 MP: 6/6
  1054 | D:4      | Noticed Edmund
  1062 | D:4      | Slain by Edmund

Levels and vault maps discovered:
D:1:      minmay_arrival_plants_in_alcoves, layout_basic, minivault_4,
          dk_noncrumbling_3, minmay_tromino_mix6
D:2:      kennysheep_six_static_rooms, layout_basic, hex_large,
          kennysheep_generic_room_3
D:4:      layout_basic, nicolae_dithmenos_shadow_blocks, serial_shops,
          shop_statue, minmay_between, uniq_edmund

Skill      XL: |  1  2 |
---------------+-------+-----
Ranged Weapons | 8 |  8.2
Fighting       | |  1.5
Dodging        | |  2.4
Stealth        | |  1.2

Action                     |  1- 3 |  4- 6 || total
---------------------------+-------+-------++-------
   Fire: Shortbow          |    59 |    23 ||    82
    Use: Scroll            |     5 |       ||     5
 Armour: Ring mail         |     8 |     5 ||    13
  Dodge: Dodged            |    11 |    11 ||    22

Table legend:
 A = Non-vault XP
 B = Vault XP
 C = Vault XP percentage of total XP
 D = Non-vault monster count
 E = Vault monster count
 F = Vault count percentage of total count
                 A         B        C        D         E       F
            +---------+---------+-------+---------+---------+-------
      Total |     167 |       9 |   5.1 |      28 |       4 |  12.5
            +---------+---------+-------+---------+---------+-------
        D:1 |      35 |       5 |  12.5 |      24 |       3 |  11.1
        D:4 |     132 |       4 |   2.9 |       4 |       1 |  20.0
            +---------+---------+-------+---------+---------+-------
